 Dungeon Crawl Stone Soup version 0.26-a0-18-g135ff06667 (webtiles) character file.

Game seed: 1628415338596035394, levelgen mode: deterministic

2852 Essalna the Thaumaturge (level 9, -7/52 HPs)
             Began as a Deep Elf Ice Elementalist on May 25, 2020.
             Was an Initiate of Vehumet.
             Mangled by endorz's ghost (17 damage)
             ... on level 5 of the Dungeon.
             The game lasted 00:24:17 (6947 turns).

Essalna the Thaumaturge (Deep Elf Ice Elementalist) Turns: 6947, Time: 00:24:18

Health: -7/52      AC:  6    Str: 11    XL:     9   Next: 46%
Magic:  14/23      EV: 16    Int: 24    God:    Vehumet [......]
Gold:   357        SH:  0    Dex: 15    Spells: 16/24 levels left

rFire    + . .     SeeInvis .   h - -2 long sword
rCold    . . .     Gourm    .   (no shield)
rNeg     . . .     Faith    .   a - +0 robe
rPois    .         Spirit   .   o - +1 helmet
rElec    .         Reflect  .   (no cloak)
rCorr    .         Harm     .   d - +0 pair of gloves
MR       .....                  q - +0 pair of boots
Stlth    ++........             n - amulet of the acrobat
HPRegen  0.17/turn              j - +6 ring of strength
MPRegen  0.18/turn              s - ring of protection from fire

@: lethally poisoned (-7 -> -13), frozen ramparts, very slightly contaminated
A: no striking features
a: Renounce Religion


You were on level 5 of the Dungeon.
You worshipped Vehumet.
Vehumet was noncommittal.
You were near starving.

You visited 2 branches of the dungeon, and saw 7 of its levels.

You collected 357 gold pieces.

Inventory:

Hand Weapons
 h - a -2 long sword (weapon)
Armour
 a - a +0 robe (worn)
 d - a +0 pair of gloves (worn)
 l - a +0 pair of boots
 o - a +1 helmet (worn)
 q - a +0 pair of boots (worn)
Jewellery
 j - a +6 ring of strength (left hand)
 n - an amulet of the acrobat (around neck)
 s - a ring of protection from fire (right hand)
Wands
 t - a wand of enslavement (10)
Scrolls
 e - a scroll of magic mapping
 r - a scroll of fear
 w - a scroll of remove curse
 x - 2 scrolls of amnesia
 y - 2 scrolls of teleportation
Potions
 b - a potion of magic
 f - a potion of invisibility {unknown}
 i - a potion of lignification
 m - 2 potions of flight
Comestibles
 c - 9 rations


   Skills:
 + Level 4.7 Fighting
 + Level 4.1 Armour
 + Level 6.7 Dodging
 - Level 2.4 Stealth
 + Level 8.1 Spellcasting
 + Level 4.2 Conjurations
 + Level 7.6 Ice Magic


You had 16 spell levels left.
You knew the following spells:

 Your Spells              Type           Power        Failure   Level  Hunger
a - Freeze                Ice            ####         1%          1    None
b - Frozen Ramparts       Ice            #####.       1%          3    None
c - Hailstorm             Conj/Ice       #####...     5%          4    ##.....

Your spell library contained the following spells:

 Spells                   Type           Power        Failure   Level  Hunger
 Ozocubu's Armour         Chrm/Ice       ####....     4%          3    None
 Summon Ice Beast         Ice/Summ       ####....     13%         4    ##.....


Dungeon Overview and Level Annotations

Branches:
Dungeon (6/15)             Temple (1/1) D:6

Altars:
Ashenzari
Cheibriados
Elyvilon
Fedhas
Gozag
Hepliaklqana
Nemelex Xobeh
Okawaru
Sif Muna
Trog
Uskayaw
Vehumet
Wu Jian
Xom
Yredelemnul
Zin
The Shining One

Annotations:
D:5 1 transporter, endorz's ghost, novice HOFi


Message History

Okay, then.
Unknown command.
Unknown command.
Casting: Frozen Ramparts (safe; 1% risk of failure)
Confirm with . or Enter, or press ? or * to list all spells.
You don't know that spell.
You can't go down here!
You can't go down here!
You can't go up here!
You can't go down here!
You can't go up here!
Casting: Frozen Ramparts (safe; 1% risk of failure)
Confirm with . or Enter, or press ? or * to list all spells.
The walls around you are covered in ice.
You feel sick.
The wall freezes the killer bee.
The killer bee barely misses you.
The wall freezes the killer bee.
The killer bee stings you.
* * * LOW HITPOINT WARNING * * *
The wall freezes endorz's ghost!
Endorz's ghost hits you!
You die...

#................###.###...#...##
..#..........#..#########..#..##
...##........#.###.###.###.#...#
....#....###...##...#..%##.#..##
.........?##...##.#.#.## #.#...#
.......##......##...#%..##.#..###
........##...#.#.#.#.#.#?#..(...#
.......##......#Wy#.. #.!#.......
..............©#@.#W#.#.y#©......
...............#..#.y.#.$#..>....
.....#.#.....#.#.#.#.#.#.#....##.
.....###.....#.##...#..%##.......
......#........####.#.####.##.#..
......#..##....##...#...##..####.
........##.....###.###.###.......
........###.....#########.......#
.......######....###.###..####..#


You could see a killer bee and endorz's ghost.

Vanquished Creatures
  An unseen horror (D:6)
  The ghost of lis82 the Zephyrmancer, a novice DgAE (D:6)
  The ghost of tmanko2 the Bolt Thrower, an amateur MiHu of Qazlal (D:3)
  A black bear (D:6)
  4 ogres
  3 centaurs
  7 bullfrogs (D:6)
  4 killer bees (D:5)
  4 crimson imps
  A hound (D:5)
  A bullfrog skeleton (D:4)
  A jelly (D:3)
  Natasha (thrice) (D:3)
  3 worker ants
  A hound skeleton (D:4)
  6 adders
  A shadow imp (D:5)
  An ooze (D:2)
  An adder zombie (D:6)
  4 worms
  3 dart slugs
  7 leopard geckos
  6 orcs
  6 bats
  4 giant cockroaches
  14 hobgoblins
  A jackal (D:2)
  10 kobolds
  2 quokkas (D:4)
  2 ball pythons
  6 frilled lizards
  A giant cockroach zombie (D:6)
  8 goblins
  3 quokka skeletons
  9 rats
131 creatures vanquished.

Vanquished Creatures (others)
  An iguana (D:5)
  A worker ant (D:5)
  An orc (D:5)
  A jackal (D:5)
  A quokka (D:5)
5 creatures vanquished.

Grand Total: 136 creatures vanquished

Notes
Turn   | Place    | Note
-------+----------+-------------------------------------------
     0 | D:1      | Essalna the Deep Elf Ice Elementalist began the quest for
                  | the Orb.
     0 | D:1      | Reached XP level 1. HP: 10/10 MP: 6/6
   424 | D:1      | Reached XP level 2. HP: 16/16 MP: 4/8
   918 | D:2      | Reached skill level 1 in Fighting
  1372 | D:2      | Reached XP level 3. HP: 20/20 MP: 6/10
  1653 | D:2      | Learned a level 3 spell: Frozen Ramparts
  1703 | D:2      | Found a snail-covered altar of Cheibriados.
  1706 | D:2      | Reached skill level 4 in Spellcasting
  1752 | D:2      | Reached skill level 5 in Ice Magic
  1752 | D:2      | Reached XP level 4. HP: 25/25 MP: 6/12
  2442 | D:3      | Noticed Natasha
  2557 | D:3      | Killed Natasha
  2682 | D:3      | Found a shattered altar of Ashenzari.
  2700 | D:3      | Reached XP level 5. HP: 30/30 MP: 8/13
  2752 | D:3      | Found a runed translucent door.
  2755 | D:3      | Noticed tmanko2's ghost (amateur MiHu)
  2779 | D:3      | Killed tmanko2's ghost
  2779 | D:3      | Reached skill level 1 in Armour
  2779 | D:3      | Reached skill level 5 in Spellcasting
  2779 | D:3      | Reached XP level 6. HP: 8/36 MP: 8/15
  3274 | D:3      | Noticed Natasha
  3286 | D:3      | Killed Natasha
  3613 | D:3      | Noticed Natasha
  3619 | D:3      | Killed Natasha
  3773 | D:5      | Entered Level 5 of the Dungeon
  4051 | D:4      | Reached XP level 7. HP: 29/40 MP: 8/17
  4387 | D:4      | Found a hazy altar of Hepliaklqana.
  4473 | D:4      | Found an opulent altar of Gozag.
  4555 | D:4      | Found a shimmering blue altar of Sif Muna.
  4849 | D:5      | Found a transporter.
  4853 | D:5      | Found a transporter.
  4855 | D:5      | Noticed endorz's ghost (novice HOFi)
  5120 | D:5      | Reached skill level 6 in Spellcasting
  5375 | D:5      | Learned a level 4 spell: Hailstorm
  5514 | D:5      | Found a shimmering altar of Xom.
  5742 | D:6      | Found a staircase to the Ecumenical Temple.
  5785 | D:6      | Reached skill level 1 in Conjurations
  5807 | Temple   | Entered the Ecumenical Temple
  5815 | Temple   | Became a worshipper of Vehumet
  5864 | D:6      | Found a sparkling altar of Nemelex Xobeh.
  5873 | D:6      | Reached XP level 8. HP: 46/46 MP: 15/19
  5930 | D:6      | Reached skill level 5 in Dodging
  6009 | D:6      | Found a runed translucent gate.
  6009 | D:6      | Found a runed translucent gate.
  6009 | D:6      | Found a runed translucent gate.
  6010 | D:6      | Noticed lis82's ghost (novice DgAE)
  6136 | D:6      | Reached skill level 7 in Spellcasting
  6634 | D:6      | HP: 2/48 [lis82's ghost/the air (9)]
  6634 | D:6      | Killed an unseen horror
  6634 | D:6      | Reached XP level 9. HP: 2/52 MP: 16/22
  6636 | D:6      | Killed lis82's ghost
  6642 | D:6      | Reached skill level 8 in Spellcasting
  6947 | D:5      | Mangled by endorz's ghost

Illustrated notes

Levels and vault maps discovered:
D:1:      mrwooster_arrival_statue, layout_basic
D:2:      layout_basic, kennysheep_slug_shrine, first_ration,
          chequers_serial_rivers_room_b, minmay_circle_x
D:3:      layout_loops_cross, lemuel_doored_altar, ebering_ghost_sewer_d,
          st_stairs_5, kennysheep_generic_room_15, uniq_natasha
D:4:      layout_cave_pods, kennysheep_mini_moat, led_sif_pool,
          nicolae_gozag_seed_capital
D:5:      layout_cave_pools, gammafunk_ghost_hive, xom_confusion_cloud
D:6:      layout_rooms, overflow_temple_1_default, temple_pool_b,
          gammafunk_ghost_split, lemuel_flame_loot_1
Temple:   nicolae_temple_x_marks_the_god

Skill      XL: |  1  2  3  4  5  6  7  8  9 |
---------------+----------------------------+-----
Fighting       | 1 2 3 4 |  4.7
Spellcasting   | 4 5 6 7 8 |  8.1
Ice Magic      | 5 6 7 |  7.6
Armour         | 1 2 3 4 |  4.1
Dodging        | 3 4 6 |  6.7
Conjurations   | 1 3 4 |  4.2
Stealth        | |  2.4

Action                   |  1- 3 |  4- 6 |  7- 9 || total
-------------------------+-------+-------+-------++-------
Melee: Unarmed           |     3 |    15 |       ||    18
       Long sword        |       |     6 |    86 ||    92
 Cast: Freeze            |    57 |    53 |     4 ||   114
       Frozen Ramparts   |     1 |    18 |    27 ||    46
  Use: Potion            |       |     5 |     3 ||     8
       Scroll            |       |     8 |     7 ||    15
 Stab: Sleeping          |       |     2 |     1 ||     3
  Eat: Chunk             |     2 |     8 |     8 ||    18
Armor: Robe              |     7 |    16 |    20 ||    43
Dodge: Dodged            |    29 |    51 |   108 ||   188
       Rpst.: Long sword |       |     2 |    36 ||    38

Table legend:
 A = Non-vault XP
 B = Vault XP
 C = Vault XP percentage of total XP
 D = Non-vault monster count
 E = Vault monster count
 F = Vault count percentage of total count
                 A         B        C        D         E       F
            +---------+---------+-------+---------+---------+-------
      Total |    1876 |    2199 |  54.0 |     104 |      27 |  20.6
            +---------+---------+-------+---------+---------+-------
        D:1 |      24 |       0 |   0.0 |      15 |       0 |   0.0
        D:2 |      82 |      19 |  18.8 |      27 |       9 |  25.0
        D:3 |     175 |     360 |  67.3 |      22 |       7 |  24.1
        D:4 |     239 |       0 |   0.0 |      13 |       0 |   0.0
        D:5 |     197 |     316 |  61.6 |      10 |       6 |  37.5
        D:6 |    1159 |    1504 |  56.5 |      17 |       5 |  22.7
            +---------+---------+-------+---------+---------+-------
